 Dungeon Crawl Stone Soup version bcrawl-1.27.3 (webtiles) character file.

Game seed: 15868286213103536756

419577 Freyura the Fighter (level 11, -4/99 HPs)
             Began as a Hill Orc Fighter on Aug 7, 2020.
             Was an Elder of Qazlal.
             Slain by a black bear (7 damage)
             ... on level 9 of the Dungeon on Aug 8, 2020.
             The game lasted 00:27:46 (7365 turns).

Freyura the Fighter (Hill Orc Fighter)              Turns: 7365, Time: 00:27:46

Health: -4/99      AC: 17    Str: 20    XL:     11   Next: 18%
Magic:  18/18      EV: 12    Int: 10    God:    Qazlal [****..]
Gold:   570        SH: 16    Dex: 13    Spells: 10/10 levels left

rFire    + . .     SeeInvis .   m - +4 morningstar
rCold    + . .     Gourm    .   c - +0 medium shield
rNeg     . . .     Faith    .   r - +1 ring mail {MR+}
rPois    .         Spirit   .   f - +2 helmet
rElec    .         Reflect  .   i - scarf {rC+ rF+}
rCorr    .         Harm     .   g - +2 pair of gloves
MR       +....                  v - +1 pair of boots
Stlth    +.........             k - amulet of magic regeneration
HPRegen  0.26/turn              o - +5 ring of evasion
MPRegen  0.41/turn              (no ring)

@: repel missiles
A: clever 1, no potion heal 1
a: Upheaval, Elemental Force, Renounce Religion


You were on level 9 of the Dungeon.
You worshipped Qazlal.
Qazlal was greatly pleased with you.
You were not hungry.

You visited 1 branch of the dungeon, and saw 9 of its levels.

You collected 570 gold pieces.

Inventory:

Hand Weapons
 m - a +4 morningstar (weapon)
 q - a +0 morningstar
Missiles
 d - 3 throwing nets {=f}
Armour
 c - a +0 medium shield (worn)
 f - a +2 helmet (worn)
 g - a +2 pair of gloves (worn)
 i - a scarf of resistance (worn)
 r - a +1 ring mail of magic resistance (worn)
 v - a +1 pair of boots (worn)
Jewellery
 k - an amulet of magic regeneration (around neck)
 o - a +5 ring of evasion (left hand)
Wands
 w - a wand of flame (7)
Scrolls
 h - 3 scrolls of remove curse
 j - 2 scrolls of magic mapping
 y - a scroll of blinking
Potions
 a - a potion of cancellation
 l - 4 potions of curing
 n - a potion of flight
 p - a potion of brilliance {unknown}
 s - a potion of degeneration {unknown}
 t - 2 potions of berserk rage {unknown}
 u - a potion of magic {unknown}
Comestibles
 e - 22 rations {!d}


   Skills:
 * Level 10.0 Fighting
   Level 10.0 Short Blades
   Level 10.0 Long Blades
   Level 10.0 Axes
   Level 10.0 Maces & Flails
   Level 10.0 Polearms
   Level 10.0 Staves
 + Level 9.1 Armour
 + Level 9.0 Shields
   Level 10.0 Unarmed Combat
 + Level 9.6 Invocations


You had 10 spell levels left.
You didn't know any spells.
Your spell library was empty.

Dungeon Overview and Level Annotations

Branches:
Dungeon (9/12)             Temple (0/1) D:5            Lair (0/6) D:9
    Orc: D:8-11

Altars:
Ashenzari
Dithmenos
Elyvilon
Fedhas
Okawaru
Qazlal
Ru
Trog
Vehumet
Yredelemnul


Innate Abilities, Weirdness & Mutations

Your mind is acute. (Int +2)
Potions are less effective at restoring your health.


Message History

The slime creature is engulfed in blazing flames.
You block the slime creature's attack.
The black bear bites you but does no damage.
The black bear claws you.
* * * LOW HITPOINT WARNING * * *
The black bear claws you but does no damage.
You eat one of the 23 rations {!d}.
That ration really hit the spot!
You block the porcupine's attack. The crimson imp barely misses you.
The wight hits the fungus with a +6 short sword!
The slime creature is engulfed in blazing flames.
You block the slime creature's attack. The black bear barely misses you.
You block the black bear's attack.
The black bear claws you but does no damage.
You puncture the black bear!
The black bear is moderately wounded.
You hear a shout!
You hear a bellow!
The porcupine misses you. You block the crimson imp's attack.
The black bear is engulfed in blazing flames.
The black bear bites you!
You die...

....PPPP.P.PP.
#...P.P.PP.>..P
#.....P...PP.P.
##..PPP.PP.PP..P
.......PPPP.P.PP
#........P.PP.
####.†P..○PPP.P
+.<...5hrz..P..
######.@P.P.z.(
#J.°○.....
#.........
####.##### .# .:
.# ..


You could see a slime creature, a black bear, a porcupine, 2 wights and a
crimson imp.

Vanquished Creatures
  A cyclops (D:9)
  A centaur skeleton (D:8)
  A tengu conjurer (D:6)
  2 trolls
  Grinder (D:4)
  3 slime creatures
  Sigmund (D:2)
  2 yaks
  A human (D:8)
  A wyvern (D:9)
  3 hogs (D:8)
  2 hungry ghosts
  Edmund (D:6)
  A crocodile (D:9)
  Duvessa (D:6)
  3 porcupines (D:9)
  A phantom (D:5)
  An ice beast (D:8)
  5 sky beasts
  3 black bears
  5 ogres
  A bullfrog (D:9)
  A centaur (D:5)
  3 scorpions
  Dowan (D:6)
  5 killer bees
  3 vampire bats (D:5)
  5 wights (D:7)
  2 howler monkeys (D:7)
  4 crimson imps
  A bullfrog zombie (D:6)
  3 orc priests
  A hound (D:7)
  6 worker ants
  2 orc wizards
  A hound zombie (D:5)
  3 hound skeletons
  A worker ant zombie (D:6)
  7 gnolls
  A howler monkey zombie (D:4)
  6 adders
  2 shadow imps
  3 oozes
  A worm (D:3)
  A dart slug (D:1)
  3 leopard geckos
  16 orcs
  14 bats
  4 giant cockroaches (D:2)
  6 goblins
  11 hobgoblins
  11 jackals
  5 quokkas
  2 ball pythons
  3 frilled lizards
  A jackal zombie (D:8)
  9 kobolds
  6 rats
195 creatures vanquished.

Vanquished Creatures (others)
  An orc wizard (D:8)
  7 fungi (D:9)
  3 plants (D:9)
11 creatures vanquished.

Grand Total: 206 creatures vanquished

Notes
Turn   | Place    | Note
-------+----------+-------------------------------------------
     0 | D:1      | Freyura the Hill Orc Fighter began the quest for the Orb.
     0 | D:1      | Reached XP level 1. HP: 20/20 MP: 1/1
   160 | D:1      | Reached XP level 2. HP: 26/28 MP: 2/2
   664 | D:2      | Reached XP level 3. HP: 31/34 MP: 3/3
   746 | D:2      | Found a stormy altar of Qazlal.
   753 | D:2      | Became a worshipper of Qazlal Stormbringer
  1026 | D:2      | Noticed Sigmund
  1060 | D:2      | Killed Sigmund
  1060 | D:2      | Reached skill level 5 in Fighting
  1060 | D:2      | Reached XP level 4. HP: 8/42 MP: 3/5
  1060 | D:2      | Reached XP level 5. HP: 10/48 MP: 3/6
  1395 | D:2      | Found a shattered altar of Ashenzari.
  1575 | D:2      | Found a white marble altar of Elyvilon.
  1659 | D:2      | Reached * piety under Qazlal
  1659 | D:2      | Reached XP level 6. HP: 39/56 MP: 6/8
  1722 | D:2      | Gained mutation: Your mind is acute. (Int +2) [potion of
                  | mutation]
  1722 | D:2      | Gained mutation: Potions are less effective at restoring
                  | your health. [potion of mutation]
  1722 | D:2      | Gained mutation: Your spells are a little easier to cast,
                  | but a little less powerful. [potion of mutation]
  1722 | D:2      | Lost mutation: Your spells are a little easier to cast, but
                  | a little less powerful. [potion of mutation]
  2325 | D:3      | Found a bloodstained altar of Trog.
  2325 | D:3      | Found a basalt altar of Yredelemnul.
  2331 | D:3      | Found a radiant altar of Vehumet.
  2696 | D:4      | Noticed Grinder
  2709 | D:4      | Killed Grinder
  2709 | D:4      | Reached XP level 7. HP: 46/62 MP: 9/9
  2808 | D:4      | Reached skill level 5 in Armour
  2977 | D:4      | Reached skill level 6 in Fighting
  2977 | D:4      | Reached skill level 5 in Shields
  3576 | D:5      | Entered Level 5 of the Dungeon
  3690 | D:5      | Found a staircase to the Ecumenical Temple.
  3740 | D:5      | Reached XP level 8. HP: 67/71 MP: 11/11
  3856 | D:5      | Reached skill level 5 in Invocations
  3913 | D:5      | Reached ** piety under Qazlal
  4032 | D:5      | Reached skill level 7 in Fighting
  4289 | D:5      | Found an iron altar of Okawaru.
  4510 | D:6      | Noticed Dowan
  4519 | D:6      | Killed Dowan
  4520 | D:6      | Noticed Duvessa
  4530 | D:6      | Killed Duvessa
  4530 | D:6      | Reached XP level 9. HP: 51/79 MP: 13/13
  5021 | D:6      | Noticed a tengu conjurer
  5038 | D:6      | Killed a tengu conjurer
  5343 | D:6      | Noticed Edmund
  5362 | D:6      | Killed Edmund
  5487 | D:6      | Found a sacrificial altar of Ru.
  5559 | D:7      | Found a shadowy altar of Dithmenos.
  5571 | D:7      | Reached skill level 8 in Fighting
  5587 | D:7      | Reached *** piety under Qazlal
  6006 | D:7      | Reached XP level 10. HP: 90/90 MP: 15/15
  6566 | D:8      | Reached skill level 9 in Fighting
  6570 | D:8      | Reached **** piety under Qazlal
  7243 | D:8      | Found a blossoming altar of Fedhas.
  7333 | D:9      | Found a staircase to the Lair.
  7336 | D:9      | Noticed a cyclops
  7357 | D:9      | Killed a very large slime creature
  7357 | D:9      | Reached XP level 11. HP: 35/99 MP: 16/18
  7357 | D:9      | Killed a cyclops
  7357 | D:9      | Reached skill level 10 in Fighting
  7363 | D:9      | HP: 3/99 [black bear (3)]
  7365 | D:9      | Slain by a black bear

Skill      XL: |  1  2  3  4  5  6  7  8  9 10 11 |
---------------+----------------------------------+-----
Fighting       | 5 6 7 8 9 10 | 10.0
Armour         | 4 5 6 7 8 9 |  9.1
Shields        | 4 5 6 7 8 9 |  9.0
Invocations    | 2 3 4 6 7 9 |  9.6
Short Blades   | | 10.0
Long Blades    | | 10.0
Axes           | | 10.0
Maces & Flails | | 10.0
Polearms       | | 10.0
Staves         | | 10.0
Unarmed Combat | | 10.0

Action                   |  1- 3 |  4- 6 |  7- 9 | 10-12 || total
-------------------------+-------+-------+-------+-------++-------
Melee: Flail             |   150 |   118 |   166 |       ||   434
       Morningstar       |       |       |   267 |   152 ||   419
  Use: Potion            |     2 |     1 |     4 |       ||     7
       Scroll            |       |     5 |     8 |     5 ||    18
  Eat: Chunk             |     5 |    10 |    21 |     8 ||    44
       Ration            |       |       |     1 |     1 ||     2
Armor: Scale mail        |    64 |    48 |   149 |       ||   261
       Ring mail         |       |       |    29 |    52 ||    81
Dodge: Dodged            |    32 |    32 |   173 |    70 ||   307
Block: Medium shield     |    80 |    60 |   314 |   146 ||   600
